 Dungeon Crawl Stone Soup version 0.26.0-3-g156281e41b (webtiles) character file.

Game seed: 14528861598172059360

76 trckry the Insei (level 4, 0/29 HPs)
             Began as an Octopode Transmuter on Jan 10, 2021.
             Slain by Robin
             ... wielding a +0 spear
              (7 damage)
             ... on level 3 of the Dungeon.
             The game lasted 00:03:29 (2407 turns).

trckry the Insei (Octopode Transmuter)              Turns: 2407, Time: 00:03:29

Health: 0/29       AC:  1    Str: 10    XL:     4   Next: 32%
Magic:  7/7        EV: 14    Int: 15    God:
Gold:   54         SH:  0    Dex: 12    Spells: 6/7 levels left

rFire    . . .     SeeInvis .     - Unarmed
rCold    . . .     Faith    .   (no shield)
rNeg     . . .     Spirit   .   (helmet restricted)
rPois    .         Reflect  .   (no amulet)
rElec    .         Harm     .   (no ring)
rCorr    .         Rampage  .   (no ring)
Will     .....                  (no ring)
Stlth    +++.......             (no ring)
HPRegen  0.09/turn              (no ring)
MPRegen  0.10/turn              (no ring)
                                (no ring)
                                (no ring)

@: no status effects
A: almost no armour, stealthy swim, amphibious, 8 rings, constrict 8, camouflage
1, gelatinous body 1
a: no special abilities


You were on level 3 of the Dungeon.
You visited 1 branch of the dungeon, and saw 3 of its levels.

You collected 54 gold pieces.

Inventory:

Missiles
 f - 27 poisoned darts
 i - 2 throwing nets
Armour
 e - a +0 kite shield
Scrolls
 b - a scroll of amnesia {unknown}
 g - 2 scrolls of identify {unknown}
 h - a scroll of teleportation {unknown}
 k - a scroll of fog {unknown}
Potions
 a - a potion of heal wounds {unknown}
 c - 2 potions of degeneration {unknown}
 d - 2 potions of curing {unknown}
 j - a potion of invisibility {unknown}


   Skills:
 + Level 1.9 Fighting
 + Level 2.6 Dodging
 + Level 1.2 Shields
 * Level 4.0 Unarmed Combat
 - Level 2.0 Spellcasting
 - Level 2.0 Transmutations


You had 6 spell levels left.
You knew the following spells:

 Your Spells              Type           Power        Failure   Level
a - Beastly Appendage     Tmut           14%          10%         1

Your spell library contained the following spells:

 Spells                   Type           Power        Failure   Level
 Wereblood                Tmut           7%           14%         2
 Spider Form              Tmut/Pois      2%           41%         3
 Ice Form                 Ice/Tmut       4%           82%         4
 Blade Hands              Tmut           3%           95%         5


Dungeon Overview and Level Annotations

Branches:
Dungeon (3/15)

Altars:
Hepliaklqana
Zin

Annotations:
D:3 Robin


Innate Abilities, Weirdness & Mutations

You cannot wear most types of armour.
You are very stealthy in the water. (Stealth+)
You are amphibious.
You can wear up to eight rings at the same time.
You can use your tentacles to constrict eight enemies at once.
Your skin changes colour to match your surroundings (Stealth+).
Your rubbery body absorbs attacks. (AC +1, EV +1)


Message History

The hobgoblin hits you with a +0 club.
The orc shouts!
You hear a shout! x2
You tentacle-slap the hobgoblin but do no damage.
You grab the hobgoblin. You constrict the hobgoblin.
Robin throws the goblin at you! The goblin hits you with a +0 dagger.
The hobgoblin hits you with a +0 club.
You tentacle-slap the hobgoblin.
You kill the hobgoblin!
Robin throws the goblin at you! The goblin hits you with a +0 dagger.
Robin roars a battlecry!
The goblins go into a battle-frenzy!
The hobgoblin splashes around in the water.
You hear a shout!
An orc comes into view.
It is wielding a -2 war axe and wearing a +0 ring mail of poison resistance.
Robin hits you from afar with a +0 spear.
The hobgoblin hits you.
* * * LOW HITPOINT WARNING * * *
A goblin, an orc and a dart slug come into view.
Robin hits you with a +0 spear!
You die...

######### #.......#####
#.......)o..##
#......o###..#####..
#.....gg≈≈o.≈.≈≈##..
#......≈g≈≈≈...≈≈#.#
######o###@≈≈...≈#.# ## ..
.#########..≈≈g≈≈≈.♣.#.#..#...
...wg.g..##og.≈#.≈≈###.#....#
###...##)w.g.≈.♣.≈≈.≈..†...#
##g ###....o≈..♣≈>..##..##. .o
#..≈..♣≈♣.##......... ##
#.ow.≈.≈≈##...#####..
#..o..≈♣..≈≈.#.#
...##........##.#


You could see a worm, Robin, an orc wizard, a dart slug (wandering), 5 orcs, a
hobgoblin and 4 goblins.

Vanquished Creatures
  3 adders (D:2)
  A dart slug (D:1)
  2 leopard geckos (D:2)
  3 ball pythons
  3 giant cockroaches (D:2)
  8 goblins
  5 hobgoblins
  2 jackals (D:2)
  6 bats
  2 frilled lizards
  2 kobolds
  7 rats
44 creatures vanquished.

Notes
Turn   | Place    | Note
-------+----------+-------------------------------------------
     0 | D:1      | trckry the Octopode Transmuter began the quest for the Orb.
     0 | D:1      | Reached XP level 1. HP: 13/13 MP: 3/3
   544 | D:1      | Reached XP level 2. HP: 18/18 MP: 5/5
  1343 | D:2      | Reached XP level 3. HP: 12/23 MP: 6/6
  1703 | D:2      | Found a faded altar of an unknown god.
  1788 | D:2      | Reached skill level 1 in Shields
  1906 | D:2      | Reached XP level 4. HP: 26/29 MP: 7/7
  2229 | D:2      | Found a glowing silver altar of Zin.
  2274 | D:2      | Found a hazy altar of Hepliaklqana.
  2378 | D:3      | Reached skill level 4 in Unarmed Combat
  2382 | D:3      | Noticed Robin
  2407 | D:3      | Slain by Robin

Illustrated notes

Levels and vault maps discovered:
D:1:      grunt_arrival_lava_bath, layout_basic, roderic_roman_lattice,
          minmay_tromino_v4_b
D:2:      kb_forest_paths, layout_basic, zin_treasury,
          nicolae_overflow_crystal_walls, chequers_ecumenical_altar_twisty
D:3:      layout_rooms, tgw_sif, chequers_serial_rivers_marsh, uniq_robin,
          uniq_grinder

Skill      XL: |  1  2  3  4 |
---------------+-------------+-----
Shields        | 1 |  1.2
Unarmed Combat | 4 |  4.0
Fighting       | |  1.9
Dodging        | |  2.6
Spellcasting   | |  2.0
Transmutations | |  2.0

Action                   |  1- 3 |  4- 6 || total
-------------------------+-------+-------++-------
Melee: Unarmed           |    73 |    31 ||   104
       Constrict         |    19 |     7 ||    26
       Tentacles         |     8 |     3 ||    11
       Punch             |     2 |       ||     2
 Stab: Sleeping          |     6 |     5 ||    11
       Distracted        |     1 |       ||     1
Armor: Skin              |     6 |     5 ||    11
Dodge: Dodged            |    44 |    14 ||    58
